 Dungeon Crawl Stone Soup version 0.19.1 (webtiles) character file.

410 dajomu the Covered (level 6, -3/53 HPs)
             Began as a Minotaur Fighter on Dec 14, 2016.
             Was an Initiate of Trog.
             Killed by nerve-wracking pain
             ... invoked by an orc priest
              (10 damage)
             ... on level 5 of the Dungeon.
             The game lasted 00:25:13 (4083 turns).

dajomu the Covered (Minotaur Fighter)               Turns: 4083, Time: 00:25:14

Health: -3/53      AC:  9    Str: 22    XL:     6   Next: 58%
Magic:  5/5        EV:  8    Int:  5    God:    Trog [......]
Gold:   144        SH: 10    Dex: 10    Spells: 0 memorised, 5 levels left

rFire  . . .     SeeInvis .     a - +0 long sword
rCold  . . .     Gourm    .     b - +0 scale mail
rNeg   . . .     Faith    .     c - +0 shield
rPois  +         Spirit   .     (helmet restricted)
rElec  .         Reflect  .     (no cloak)
rCorr  .         Harm     .     (no gloves)
MR     .....                    q - +1 pair of boots
Stlth  ..........               (no amulet)
                                (no ring)
                                y - ring of poison resistance

@: no status effects
A: retaliatory headbutt, horns 2
a: Burn Spellbooks, Renounce Religion


You were on level 5 of the Dungeon.
You worshipped Trog.
Trog was noncommittal.
You were not hungry.

You visited 2 branches of the dungeon, and saw 6 of its levels.

You collected 144 gold pieces.

Inventory:

Hand Weapons
 a - a +0 long sword (weapon)
 e - a +1 dagger of electrocution
 k - a +4 quarterstaff of chaos
 n - a +2 spear of piercing
 s - a +0 long sword
 w - a +0 falchion
 B - a +0 mace
 C - a +1 quarterstaff of crushing
 I - a +0 hunting sling of freezing
 K - a +0 long sword
 N - a +2 vampiric war axe
Missiles
 i - 13 poisoned needles
 v - 2 throwing nets (quivered)
Armour
 b - a +0 scale mail (worn)
 c - a +0 shield (worn)
 h - a +0 ring mail
 l - a +0 leather armour
 o - a +2 buckler
 q - a +1 pair of boots (worn)
 u - a +0 chain mail
Jewellery
 r - a cursed ring of teleportation
 y - a ring of poison resistance (left hand)
Scrolls
 d - a scroll of remove curse {unknown}
 g - a scroll of identify
 j - a scroll of immolation
 x - 2 scrolls of teleportation {unknown}
 z - a scroll of fog {unknown}
 E - a scroll of fear {unknown}
 F - a scroll of recharging
 J - a scroll of enchant weapon {unknown}
 M - a scroll of magic mapping {unknown}
Potions
 f - a potion of heal wounds {unknown}
 m - a potion of agility {unknown}
 p - 2 potions of curing
 t - a potion of flight {unknown}
 A - 2 potions of brilliance {unknown}
 G - a potion of degeneration {unknown}
 L - a potion of cancellation {unknown}
Comestibles
 D - 2 bread rations
 H - a beef jerky


   Skills:
 + Level 4.6 Fighting
 + Level 4.9 Long Blades
 + Level 5.5 Armour
 + Level 1.9 Dodging
 + Level 0.6 Stealth
 + Level 5.2 Shields


You had 5 spell levels left.
You didn't know any spells.

Dungeon Overview and Level Annotations

Branches:
Dungeon (5/15)             Temple (1/1) D:4

Altars:
Ashenzari
Cheibriados
Dithmenos
Elyvilon
Fedhas
Gozag
Hepliaklqana
Kikubaaqudgha
Makhleb
Nemelex Xobeh
Okawaru
Qazlal
Ru
Sif Muna
Trog
Uskayaw
Vehumet
Xom
Yredelemnul
Zin
The Shining One


Innate Abilities, Weirdness & Mutations

You reflexively headbutt those who attack you in melee.
You have a pair of horns on your head.


Message History

The orc wizard hits you but does no damage.
The orc priest mumbles some strange prayers to Beogh against you.
Beogh smites you! The orc closely misses you.
You riposte.
You slash the orc!
You kill the orc!
Trog accepts your kill. You block the orc's attack.
You closely miss the orc wizard. Your headbutt misses the orc wizard.
The orc wizard is almost dead.
You block the orc wizard's attack.
The orc priest mumbles some strange prayers to Beogh against you.
Beogh smites you!
* * * LOW HITPOINT WARNING * * *
You block the orc's attack. The worker ant zombie bites you.
* * * LOW HITPOINT WARNING * * *
The orc wizard hits you but does no damage.
You miss the orc wizard.
The orc wizard is almost dead.
The orc priest mumbles some strange prayers to Beogh against you.
Pain shoots through your body!
You die...

#######
.......
.......
####.......
#.o@o......
#.#oZ......
..
..)......
#..
#.#.......
#. ..
..##### #
#!# .## #.
.# .. .#


You could see an orc priest, an orc wizard, an orc and a worker ant zombie.

Vanquished Creatures
  2 howler monkeys (D:4)
  An orc wizard (D:4)
  Crazy Yiuf (D:3)
  2 hounds (D:3)
  Ijyb (D:2)
  Natasha (D:2)
  An iguana (D:4)
  A worker ant (D:4)
  An adder (D:2)
  3 worms
  2 dart slugs
  A leopard gecko (D:3)
  14 orcs
  6 giant cockroaches
  6 goblins
  4 hobgoblins
  4 jackals
  8 kobolds
  A quokka (D:4)
  2 ball pythons (D:1)
  9 bats
  3 frilled lizards
  A leopard gecko skeleton (D:4)
  9 rats
  2 fungi (D:1)
86 creatures vanquished.

Notes
Turn   | Place    | Note
-------+----------+-------------------------------------------
     0 | D:1      | dajomu the Minotaur Fighter began the quest for the Orb.
     0 | D:1      | Reached XP level 1. HP: 19/19 MP: 0/0
   106 | D:1      | Reached XP level 2. HP: 24/27 MP: 1/1
   582 | D:1      | Reached XP level 3. HP: 29/33 MP: 2/2
  1054 | D:2      | Noticed Ijyb
  1069 | D:2      | Killed Ijyb
  1078 | D:2      | Reached skill level 1 in Dodging
  1078 | D:2      | Reached XP level 4. HP: 31/40 MP: 3/3
  1569 | D:2      | Noticed Natasha
  1578 | D:2      | Killed Natasha
  1873 | D:3      | Reached XP level 5. HP: 44/46 MP: 4/4
  1922 | D:3      | Found a shattered altar of Ashenzari.
  2359 | D:3      | Reached skill level 5 in Armour
  2521 | D:3      | Found a runed door.
  2525 | D:3      | Noticed Crazy Yiuf
  2537 | D:3      | Killed Crazy Yiuf
  3064 | D:4      | Reached skill level 5 in Shields
  3064 | D:4      | Reached XP level 6. HP: 27/53 MP: 5/5
  3374 | D:4      | Found a staircase to the Ecumenical Temple.
  3404 | Temple   | Entered the Ecumenical Temple
  3668 | Temple   | Became a worshipper of Trog the Wrathful
  4074 | D:5      | Entered Level 5 of the Dungeon
  4083 | D:5      | Killed from afar by an orc priest

Skill      XL: |  1  2  3  4  5 |
---------------+----------------+-----
Armour         | 4 5 |  5.5
Long Blades    | 3 4 |  4.9
Fighting       | 4 |  4.6
Shields        | 4 5 |  5.2
Dodging        | 1 |  1.9
Stealth        | |  0.6

Action                   |  1- 3 |  4- 6 || total
-------------------------+-------+-------++-------
Melee: Long sword        |   109 |   123 ||   232
       Headbutt          |    17 |    22 ||    39
  Use: Scroll            |     4 |     6 ||    10
       Potion            |       |     1 ||     1
 Stab: Invisible         |       |     1 ||     1
  Eat: Bread ration      |       |     2 ||     2
       Pizza             |       |     1 ||     1
       Beef jerky        |       |     1 ||     1
Armor: Scale mail        |    61 |    48 ||   109
Dodge: Dodged            |    30 |    48 ||    78
Block: Shield            |    59 |    57 ||   116
       Rpst.: Long sword |     5 |    13 ||    18
